 Dungeon Crawl Stone Soup version 0.28.0-45-g0d030f2227 (webtiles) character file.

Game seed: 10818376714189537981

10925 issech the Carver (level 11, -14/98 HPs)
             Began as a Troll Monk on Apr 2, 2022.
             Was an Elder of Hepliaklqana.
             Demolished by a freezing wraith (19 damage)
             ... on level 9 of the Dungeon.
             The game lasted 00:45:35 (9531 turns).

issech the Carver (Troll Monk)                      Turns: 9531, Time: 00:45:37

Health: -14/98     AC:  6    Str: 26    XL:     11   Next: 42%
Magic:  0/10       EV: 14    Int:  4    God:    Hepliaklqana [****..]
Gold:   618        SH:  0    Dex: 22    Spells: 10/10 levels left

rFire   . . .      SeeInvis .   z - +5 falchion "Yrcho" {vorpal, Fly rN+ Str+5 Int-2}
rCold   . . .      Faith    .   (no shield)
rNeg    + . .      Spirit   +   G - +0 troll leather armour
rPois   .          Reflect  .   (helmet restricted)
rElec   .          Harm     .   (no cloak)
rCorr   .          Rampage  .   (gloves unavailable)
Will    .....                   (boots unavailable)
Stlth   +++.......              M - amulet of guardian spirit
HPRegen 1.86/turn               A - +4 ring of slaying
MPRegen 0.12/turn               u - +6 ring of dexterity

@: flying, slowed, very slow
A: reduced essence, large, unfitting armour, claws 3, regeneration 1, shaggy fur
1, tough skin 1
a: Renounce Religion, Recall Ancestor, Ancestor Identity, Transference, Idealise


You were on level 9 of the Dungeon.
You worshipped Hepliaklqana.
Hepliaklqana was greatly pleased with you.
You visited 2 branches of the dungeon, and saw 11 of its levels.

You collected 618 gold pieces.

Inventory:

Hand Weapons
 w - a +4 scimitar of flaming
 x - a +1 flail of protection
 z - the +5 falchion "Yrcho" (weapon) {vorpal, Fly rN+ Str+5 Int-2}
   (You found it on level 4 of the Dungeon)

   It inflicts extra damage upon your enemies.
   Str:       It affects your strength (+5).
   Int:       It affects your intelligence (-2).
   rN:        It protects you from negative energy.
   Fly:       It grants you flight.
 D - a +0 dire flail of holy wrath
 H - a +0 giant spiked club
 J - a +1 whip of electrocution
 O - a +3 dire flail
 S - a +4 flail of freezing
Missiles
 b - 3 boomerangs (quivered)
 c - 282 stones
 e - 199 arrows
 n - 60 sling bullets
 q - 108 bolts
 C - a throwing net
 F - 25 poisoned darts
 L - 8 curare-tipped darts
Armour
 v - +0 acid dragon scales
 G - a +0 troll leather armour (worn)
 N - a +0 animal skin
Magical Staves
 o - a staff of poison
Jewellery
 f - a ring of see invisible
 i - a ring of resist corrosion
 u - a +6 ring of dexterity (right claw)
 A - a +4 ring of slaying (left claw)
 M - an amulet of guardian spirit (around neck)
 R - an amulet of the acrobat
Wands
 B - a wand of polymorph (10)
 K - a wand of flame (11)
 P - a wand of iceblast (8)
 T - a wand of paralysis (8)
Scrolls
 g - a scroll of holy word
 j - 3 scrolls of vulnerability
 l - 2 scrolls of identify
 m - 2 scrolls of blinking
 p - 7 scrolls of teleportation
 s - 3 scrolls of enchant weapon
 y - a scroll of immolation
 E - a scroll of torment
 I - a scroll of amnesia
 Y - a scroll of enchant armour
Potions
 a - a potion of heal wounds {unknown}
 d - 6 potions of curing {unknown}
 h - a potion of resistance
 k - a potion of might {unknown}
 r - a potion of haste {unknown}
 t - a potion of magic {unknown}
 Q - 2 potions of mutation {unknown}
 U - a potion of flight {unknown}
 W - a potion of attraction {unknown}
 Z - a potion of brilliance {unknown}


   Skills:
 + Level 7.5 Fighting
 + Level 9.0 Long Blades
 + Level 5.4 Maces & Flails
 + Level 3.3 Throwing
 + Level 2.3 Armour
 + Level 7.0 Dodging
 + Level 3.8 Stealth


You had 10 spell levels left.
You didn't know any spells.
Your spell library contained the following spells:

 Spells                   Type           Power      Damage    Failure   Level
 Sublimation of Blood     Necr           0%         N/A       67%         2
 Dazzling Flash           Conj/Hex       0%         N/A       88%         3
 Ignite Poison            Fire/Tmut/Pois 0%         N/A       88%         3
 Mephitic Cloud           Conj/Pois/Air  0%         N/A       88%         3
 Petrify                  Tmut/Erth      0%         N/A       99%         4
 Alistair's Intoxication  Tmut/Pois      0%         N/A       100%        5
 Irradiate                Conj/Tmut      0%         3d14      100%        5
 Yara's Violent Unravell  Hex/Tmut       0%         3d3       100%        5


Dungeon Overview and Level Annotations

Branches:
Dungeon (10/15)            Temple (1/1) D:5            Lair (0/6) D:8
    Orc: D:9-12

Altars:
Ashenzari
Cheibriados
Dithmenos
Elyvilon
Fedhas
Gozag
Hepliaklqana
Kikubaaqudgha
Makhleb
Nemelex Xobeh
Okawaru
Qazlal
Ru
Sif Muna
Trog
Uskayaw
Vehumet
Wu Jian
Xom
Yredelemnul
Zin
The Shining One


Innate Abilities, Weirdness & Mutations

Your life essence is reduced to manifest your ancestor. (-10% HP)
You are too large for most types of armour.
You have claws for hands.
Your natural rate of healing is unusually fast.
You are covered in fur. (AC +1)
You have tough skin. (AC +1)


Message History

You swap places.
There is a stone staircase leading down, spattered with blood here.
You start resting.
Magic restored.
You start resting.
HP restored.
You fly downwards.
The freezing wraith hits you. The freezing wraith freezes you!!
The freezing wraith closely misses you. The shadow hits you.
The freezing wraith hits you! The freezing wraith freezes you!
The freezing wraith hits you but does no damage.
The shadow hits you! The freezing wraith barely misses you.
The freezing wraith hits you but does no damage.
There is a stone staircase leading up, spattered with blood here. Ælfthryth barely misses the freezing wraith.
The shadow hits you. The freezing wraith hits you.
The freezing wraith freezes you!
The freezing wraith closely misses you. Ælfthryth hits the freezing wraith with a +0 quarterstaff!
The shadow barely misses you.
You fly upwards.
There is a stone staircase leading down, spattered with blood here.
You hit the shadow.
The shadow is lightly damaged.
The freezing wraith hits you! The freezing wraith freezes you!
* * * LOW HITPOINT WARNING * * *
The freezing wraith hits you.
* * * LOW HITPOINT WARNING * * *
The freezing wraith drains your vigour!
You feel as though you will be slow longer. Ælfthryth points at the shadow and mumbles some strange words.
The stone arrow misses the shadow.
The shadow hits you!
* * * LOW HITPOINT WARNING * * *
Ælfthryth casts a spell at the shadow.
The stone arrow hits the shadow!
The shadow barely misses Ælfthryth. Ælfthryth hits the shadow with a +0 quarterstaff!
The shadow is destroyed!
The freezing wraith hits you!
* * * LOW HITPOINT WARNING * * *
The freezing wraith freezes you!!
You die...

########### ##.......^.#
...#######.#####
...............#
..########.###.#
..##.[<[...###.##
...[.[[.......RW###
...#............@.#
#######.####.#.#.##
...........#.#.#.#
#######.##.#...#.####
###....##.[.#.....<#
#........##.##############
#.#.####.##..............#
#.#....#...............#.#
#.##.#.................#.#


You could see the friendly Ælfthryth the battlemage and a freezing wraith.

Vanquished Creatures
  Erolcha (D:9)
  3 two-headed ogres
  A manticore (D:8)
  An unseen horror (D:10)
  2 trolls
  A hornet (D:9)
  A shadow (D:10)
  A wraith (D:10)
  Eustachio (D:4)
  A steam dragon (D:9)
  Edmund (D:6)
  2 water moccasins
  An acid dragon (D:10)
  An ice beast (D:8)
  A sky beast (D:7)
  5 orc warriors
  A black bear (D:5)
  An ogre (D:7)
  A wolf (D:9)
  5 centaurs
  A phantom (D:6)
  A kobold brigand (D:7)
  2 scorpions (D:6)
  A water moccasin skeleton (D:5)
  5 killer bees (D:10)
  4 wights
  A howler monkey (D:9)
  2 electric eels (D:9)
  2 centaur zombies
  A bullfrog skeleton (D:4)
  7 orc priests
  Ijyb (D:5)
  9 orc wizards
  A killer bee zombie (D:7)
  A hound skeleton (D:5)
  3 gnolls
  A howler monkey skeleton (D:5)
  7 adders
  A shadow imp (D:5)
  A white imp (D:9)
  An ufetubus (D:2)
  An adder skeleton (D:4)
  3 worms
  3 dart slugs
  28 orcs
  4 ball pythons
  4 bats
  5 endoplasms
  3 giant cockroaches
  9 hobgoblins
  12 jackals
  13 kobolds
  5 frilled lizards
  9 goblins
  3 rats
187 creatures vanquished.

Vanquished Creatures (collateral kills)
  The ghost of terff the Basher, a novice HuFi of Okawaru (D:9)
  An efreet (D:9)
  A shadow (D:9)
  2 wraiths
  A yak (D:9)
  3 orc warriors
  A black bear (D:7)
  An ice beast (D:6)
  2 centaurs
  4 kobold brigands
  A gnoll sergeant (D:9)
  A wyvern zombie (D:9)
  A bullfrog (D:6)
  2 water moccasin zombies
  5 wights
  An electric eel (D:9)
  A bullfrog zombie (D:6)
  A hound (D:6)
  A jelly (D:6)
  3 orc priests
  An iguana (D:6)
  9 orc wizards
  3 howler monkey zombies
  4 gnolls
  2 adders
  A shadow imp (D:5)
  13 orcs
  8 kobolds
  A bush (D:10)
76 creatures vanquished.

Vanquished Creatures (others)
  A battlemage (D:10)
  An orc wizard (D:9)
  A fungus (D:8)
3 creatures vanquished.

Grand Total: 266 creatures vanquished

Notes
Turn   | Place    | Note
-------+----------+-------------------------------------------
     0 | D:1      | issech the Troll Monk began the quest for the Orb.
     0 | D:1      | Reached XP level 1. HP: 22/22 MP: 0/0
   384 | D:1      | Reached XP level 2. HP: 29/29 MP: 1/1
  1060 | D:2      | Reached XP level 3. HP: 33/36 MP: 2/2
  1377 | D:2      | Reached XP level 4. HP: 44/44 MP: 3/3
  1786 | D:3      | Reached skill level 1 in Throwing
  1921 | D:3      | Reached XP level 5. HP: 52/52 MP: 4/4
  1990 | D:3      | Found a snail-covered altar of Cheibriados.
  2213 | D:4      | Noticed Eustachio
  2261 | D:4      | Killed Eustachio
  2262 | D:4      | Reached XP level 6. HP: 23/61 MP: 5/5
  2514 | D:4      | Found a radiant altar of Vehumet.
  2934 | D:4      | Found a glowing silver altar of Zin.
  3195 | D:4      | Identified the +5 falchion "Yrcho" {vorpal, Fly rN+ Str+5
                  | Int-2}
  3347 | D:5      | Entered Level 5 of the Dungeon
  3372 | D:5      | Found a staircase to the Ecumenical Temple.
  3384 | Temple   | Entered the Ecumenical Temple
  3410 | Temple   | Became a worshipper of Hepliaklqana the Forgotten
  3410 | Temple   | Reached * piety under Hepliaklqana
  3410 | Temple   | Reached ** piety under Hepliaklqana
  3411 | Temple   | Remembered your ancestor Ælfthryth as a battlemage
  3617 | D:5      | Noticed Ijyb
  3630 | D:5      | Killed Ijyb
  3631 | D:5      | Reached XP level 7. HP: 60/60 MP: 6/6
  3658 | D:5      | Reached skill level 5 in Maces & Flails
  4391 | D:6      | Reached skill level 1 in Long Blades
  4420 | D:6      | Found a burning altar of Makhleb.
  4512 | D:6      | Noticed Edmund
  4525 | D:6      | Killed Edmund
  4526 | D:6      | Reached skill level 2 in Long Blades
  4526 | D:6      | Reached XP level 8. HP: 27/70 MP: 7/7
  4622 | D:6      | Reached skill level 3 in Long Blades
  4838 | D:6      | Found a shimmering blue altar of Sif Muna.
  5064 | D:7      | Reached skill level 4 in Long Blades
  5146 | D:7      | Reached skill level 5 in Fighting
  5202 | D:7      | Reached XP level 9. HP: 65/79 MP: 8/8
  5251 | D:7      | Reached skill level 5 in Dodging
  5281 | D:7      | Reached *** piety under Hepliaklqana
  5364 | D:7      | Noticed a troll
  5371 | D:7      | Killed a troll
  5440 | D:7      | Reached skill level 5 in Long Blades
  5650 | D:7      | Found a bloodstained altar of Trog.
  6013 | D:8      | Found a staircase to the Lair.
  6339 | D:8      | Reached skill level 6 in Long Blades
  6563 | D:8      | Noticed a manticore
  6786 | D:9      | Noticed Erolcha
  6908 | D:8      | Killed a manticore
  6909 | D:8      | Reached XP level 10. HP: 15/88 MP: 2/9
  7210 | D:9      | Found a white marble altar of Elyvilon.
  7314 | D:9      | Killed Erolcha
  7356 | D:9      | Reached skill level 7 in Long Blades
  7450 | D:9      | Noticed a two-headed ogre
  7456 | D:9      | Killed a two-headed ogre
  7757 | D:9      | Reached skill level 8 in Long Blades
  7757 | D:9      | Paralysed by a hornet for 2 turns
  8063 | D:9      | Reached **** piety under Hepliaklqana
  8081 | D:9      | Noticed a two-headed ogre
  8088 | D:9      | Killed a two-headed ogre
  8089 | D:9      | Reached XP level 11. HP: 53/98 MP: 4/10
  8473 | D:10     | Entered Level 10 of the Dungeon
  8473 | D:10     | Found a runed translucent gate.
  8473 | D:10     | Found a runed translucent gate.
  8473 | D:10     | Found a runed translucent gate.
  8590 | D:10     | Got Saaruoso's Tome of Vitriolic Bewitchment
  8687 | D:10     | Noticed a two-headed ogre
  8691 | D:10     | Killed a two-headed ogre
  8692 | D:10     | Reached skill level 1 in Armour
  9209 | D:10     | Noticed terff's ghost (novice HuFi)
  9510 | D:9      | Killed terff's ghost
  9511 | D:9      | Reached skill level 9 in Long Blades
  9531 | D:9      | Demolished by a freezing wraith

Illustrated notes

Levels and vault maps discovered:
D:1:      mushboom_english_gardens, layout_basic
D:2:      layout_rooms
D:3:      layout_basic, mainiacjoe_overflow_surrounded_room,
          shapermc_ecumenical_altar_petra
D:4:      layout_loops_corners, zin_academy, mainiacjoe_overflow_paths,
          uniq_eustachio
D:5:      layout_basic, minmay_temple_entry_slanted, uniq_ijyb
D:6:      layout_basic, makhleb_heckhound_becter, kennysheep_orc_sif_temple,
          uniq_edmund
D:7:      layout_basic, trog_hazing_becter, kennysheep_generic_room_7
D:8:      layout_gridville, dpeg_oklobed_lair
D:9:      layout_basic, amcnicky_altar_gilded, serial_ice, serial_ice_a,
          serial_ice_l, serial_ice_b, serial_ice_e, evilmike_minifort,
          uniq_erolcha
D:10:     layout_roguey, gammafunk_ghost_spectres, serial_park_tiny_2
Temple:   bh_familiar_temple

Skill      XL: |  1  2  3  4  5  6  7  8  9 10 11 |
---------------+----------------------------------+-----
Dodging        | 3 4 5 6 7 |  7.0
Maces & Flails | 3 4 5 |  5.4
Throwing       | 1 2 3 |  3.3
Fighting       | 3 4 5 6 7 |  7.5
Long Blades    | 2 4 6 8 9 |  9.0
Stealth        | 2 3 |  3.8
Armour         | 2 |  2.3

Action                   |  1- 3 |  4- 6 |  7- 9 | 10-12 || total
-------------------------+-------+-------+-------+-------++-------
Melee: Mace              |   105 |    35 |       |       ||   140
       Whip              |       |   135 |       |       ||   135
       Punch             |       |     3 |     3 |     1 ||     7
       Falchion          |       |    11 |   154 |   158 ||   323
Throw: Boomerang         |    28 |    33 |       |     2 ||    63
       Stone             |       |    16 |    24 |       ||    40
Invok: Ancestor Life: Ba |       |     1 |       |       ||     1
       Recall Ancestor   |       |       |       |     1 ||     1
  Use: Scroll            |       |       |     7 |     2 ||     9
 Stab: Sleeping          |       |     3 |     1 |     1 ||     5
       Distracted        |       |       |     1 |     1 ||     2
Armor: Robe              |    46 |    37 |    27 |       ||   110
       Animal skin       |       |       |    19 |     9 ||    28
       Troll leather arm |       |       |       |    30 ||    30
Dodge: Dodged            |    96 |   127 |   131 |   122 ||   476
